 Dungeon Crawl Stone Soup version 0.27-a0-998-g4cfe56dd59 (webtiles) character file.

Game seed: 1735870094080188491

40 dickylongcocking the Magician (level 3, -2/27 HPs)
             Began as a Djinni Fire Elementalist on Apr 16, 2021.
             Slain by a bullfrog (4 damage)
             ... on level 2 of the Dungeon.
             The game lasted 00:01:17 (2587 turns).

dickylongcocking the Magician (DjFE)                Turns: 2587, Time: 00:01:18

Health: -2/27      AC:  2    Str:  7    XL:     3   Next: 50%
Gold:   139        EV: 12    Int: 17    God:
                   SH:  0    Dex: 13

rFire    + + .     SeeInvis .   c - +0 dagger
rCold    x . .     Faith    .   (no shield)
rNeg     . . .     Spirit   .   a - +0 robe
rPois    ∞         Reflect  .   (no helmet)
rElec    .         Harm     .   (no cloak)
rCorr    .         Rampage  .   (no gloves)
Will     .....                  (boots unavailable)
Stlth    ++........             (no amulet)
HPRegen  0.09/turn              (no ring)
MPRegen  0.00/turn              (no ring)

@: flying, very slightly contaminated
A: fire resistance 2, cold vulnerability 1, float, innate caster, hp casting,
extra vitality 1
a: no special abilities


You were on level 2 of the Dungeon.
You visited 1 branch of the dungeon, and saw 2 of its levels.

You collected 139 gold pieces.

Inventory:

Hand Weapons
 c - a +0 dagger (weapon)
Armour
 a - a +0 robe (worn)
Scrolls
 b - a scroll of teleportation {unknown}
 e - a scroll of magic mapping {unknown}
 g - a scroll of enchant weapon {unknown}
 h - a scroll of fog {unknown}


   Skills:
 * Level 1.1 Fighting
 - Level 2.4 Dodging
 - Level 1.6 Stealth
 * Level 3.5 Spellcasting


You couldn't memorise any spells.
You knew the following spells:

 Your Spells              Type           Power      Damage    Failure   Level
a - Foxfire               Conj/Fire      56%        2x1d6     4%          1
b - Conjure Flame         Conj/Fire      14%        6-21      12%         3
c - Inner Flame           Hex/Fire       14%        N/A       12%         3
d - Sticky Flame          Conj/Fire      14%        2d4       36%         4
e - Fireball              Conj/Fire      7%         3d5       73%         5
f - Freeze                Ice            56%        1d7       4%          1
Your spell library was empty.

Dungeon Overview and Level Annotations

Branches:
Dungeon (2/15)

Altars:


Innate Abilities, Weirdness & Mutations

You are immune to poison.
Your flesh is very heat resistant. (rF++)
You are vulnerable to cold. (rC-)
You float through the air rather than walking.
You learn spells naturally, not from books.
Your magical power is your life essence.
You have superior vitality. (+4 HP)


Message History

* * * LOW HITPOINT WARNING * * *
The bullfrog hits you but does no damage.
Unknown command.
Unknown command.
Unknown command.
Your foxfire dissipates!
The foxfire hits the bullfrog.
The bullfrog is heavily wounded.
Casting: Foxfire (safe; 4% risk of failure)
Confirm with . or Enter, or press ? or * to list all spells.
You miscast Foxfire.
You are very lightly contaminated with residual magic.
Nothing appears to happen.
* * * LOW HITPOINT WARNING * * *
The bullfrog hits you.
* * * LOW HITPOINT WARNING * * *
The bullfrog closely misses you.
Unknown command.
Unknown command.
Unknown command.
You aren't carrying any potions.
Unknown command.
Casting: Foxfire (safe; 4% risk of failure)
Confirm with . or Enter, or press ? or * to list all spells.
You conjure some foxfire!
* * * LOW HITPOINT WARNING * * *
The bullfrog closely misses you.
Unknown command.
Unknown command.
Unknown command.
You hit the bullfrog.
The bullfrog is heavily wounded.
The foxfire hits the bullfrog.
The bullfrog is severely wounded.
The foxfire hits the bullfrog.
The bullfrog is almost dead.
The bullfrog hits you.
* * * LOW HITPOINT WARNING * * *
The bullfrog hits you.
You die...

#..####.#
#.#
#.......#
#.#
#.#######
#.#########
#.#
#.........#
..#
#.......#.#
.....#
#.#.##..#.#
####..
#.#.....#<#
#
#.#§.##.#.#
#
#.#@.##.#.#
#
#..F......#
#
####.######
#.# #.#
...#####.#
.........#
##.#######


You could see a bullfrog.

Vanquished Creatures
  An adder (D:2)
  A dart slug (D:1)
  4 goblins (D:1)
  2 hobgoblins
  5 jackals (D:1)
  2 quokkas (D:1)
  2 ball pythons (D:2)
  5 bats
  2 frilled lizards
  2 kobolds
  A rat (D:1)
27 creatures vanquished.

Vanquished Creatures (others)
  72 foxfires
72 creatures vanquished.

Grand Total: 99 creatures vanquished

Notes
Turn   | Place    | Note
-------+----------+-------------------------------------------
     0 | D:1      | dickylongcocking the Djinni Fire Elementalist began the
                  | quest for the Orb.
     0 | D:1      | Reached XP level 1. HP: 15/15 MP: 0/0
   259 | D:1      | Reached skill level 3 in Spellcasting
   335 | D:1      | Reached XP level 2. HP: 19/21 MP: 0/0
  1421 | D:1      | Reached XP level 3. HP: 19/26 MP: 0/0
  1421 | D:1      | Learned a level 1 spell: Freeze
  1736 | D:2      | Reached skill level 1 in Fighting
  1958 | D:2      | Found a faded altar of an unknown god.
  2569 | D:2      | Noticed a bullfrog
  2587 | D:2      | Slain by a bullfrog

Illustrated notes

Levels and vault maps discovered:
D:1:      nzn_arrival_crosshair, layout_loops_ring, minivault_11,
          hangedman_decor_diamond_cutter
D:2:      layout_loops_cross, hellmonk_ecumenical_altar_prayer_group,
          minmay_misc_feat_rows

Skill      XL: |  1  2  3 |
---------------+----------+-----
Spellcasting   | 3 |  3.5
Fighting       | 1 |  1.1
Dodging        | |  2.4
Stealth        | |  1.6

Action                   || total
-------------------------++-------
Melee: Unarmed           ||    10
       Dagger            ||    39
 Cast: Foxfire           ||    53
  Use: Potion            ||     2
 Stab: Sleeping          ||     1
Armor: Robe              ||    19
Dodge: Dodged            ||    81

Table legend: (Time is in decaauts)
 A = Elapsed time spent in this place.
 B = Non-inter-level travel time spent in this place.
 C = Inter-level travel time spent in this place.
 D = Time resting spent in this place.
 E = Time spent auto-exploring this place.
 F = Levels seen in this place.
 G = Mean time per level.
                   A        B        C        D        E       F      G
               +--------+--------+--------+--------+--------+-----+--------+
         Total |   2586 |   2580 |      6 |    404 |   1936 |   2 | 1293.0 |
       Dungeon |   2586 |   2580 |      6 |    404 |   1936 |   2 | 1293.0 |
               +--------+--------+--------+--------+--------+-----+--------+

Top non-repeatable levels by time:
     D:1: 1709 daAuts
     D:2: 876 daAuts
